 Dungeon Crawl Stone Soup version 0.28-a0-631-g0446da8ef9 (webtiles) character file.

Game seed: 14518138913277807395

98 Astera the Twirler (level 4, 0/27 HPs)
             Began as a Gargoyle Gladiator on Oct 10, 2021.
             Was a Plaything of Xom.
             Slain by an orc (1 damage)
             ... on level 6 of the Dungeon.
             The game lasted 00:07:00 (2434 turns).

Astera the Twirler (Gargoyle Gladiator)             Turns: 2434, Time: 00:07:00

Health: 0/27       AC:  7    Str: 18    XL:     4   Next: 71%
Magic:  4/4        EV: 12    Int:  8    God:    Xom [..*...]
Gold:   99         SH:  0    Dex: 12    Spells: 3/3 levels left

rFire   . . .      SeeInvis .   h - +1 spear (vamp)
rCold   . . .      Faith    .   (no shield)
rNeg    + . .      Spirit   .   b - +0 leather armour
rPois   ∞          Reflect  .   c - +0 helmet
rElec   +          Harm     .   (no cloak)
rCorr   .          Rampage  .   (no gloves)
Will    .....                   (no boots)
Stlth   +.........              (no amulet)
HPRegen 0.09/turn               (no ring)
MPRegen 0.09/turn               (no ring)

@: weak-willed
A: sickness immunity, AC +3, negative energy resistance 1, electricity
resistance, torment resistance 1, petrification resistance
a: Renounce Religion


You were on level 6 of the Dungeon.
You worshipped Xom.
You were a toy of Xom.
You visited 1 branch of the dungeon, and saw 4 of its levels.

You collected 99 gold pieces.

Inventory:

Hand Weapons
 a - a +0 quarterstaff
 h - a +1 vampiric spear (weapon)
Missiles
 d - 3 throwing nets (quivered)
Armour
 b - a +0 leather armour (worn)
 c - a +0 helmet (worn)
Scrolls
 e - 3 scrolls of identify
 j - a scroll of noise
Potions
 g - a potion of flight
 i - a potion of might {unknown}
 l - a potion of lignification {unknown}


   Skills:
 + Level 2.7 Fighting
 + Level 4.0 Staves
 - Level 1.8 Throwing
 + Level 1.7 Armour
 + Level 2.9 Dodging
 + Level 0.5 Stealth


You had 3 spell levels left.
You didn't know any spells.
Your spell library was empty.

Dungeon Overview and Level Annotations

Branches:
Dungeon (3/15)

Altars:
Hepliaklqana
Trog
Xom
The Shining One


Innate Abilities, Weirdness & Mutations

You are immune to sickness and miasma.
Your stone body is resilient. (AC +3)
You are immune to poison.
You resist negative energy. (rN+)
You are resistant to electric shocks. (rElec)
You are resistant to unholy torment.
You are immune to petrification.


Message History

You are too injured to fight recklessly!
You are too injured to fight recklessly!
The ufetubus hits you. The ufetubus misses you.
You barely miss the ufetubus. The ufetubus closely misses you. x2
The ufetubus barely misses you. x2
You barely miss the ufetubus. The ufetubus misses you.
The ufetubus hits you but does no damage.
You barely miss the ufetubus. The ufetubus barely misses you. x4
You hit the ufetubus.
The ufetubus is heavily wounded.
The ufetubus hits you but does no damage.
The ufetubus closely misses you.
You hit the ufetubus.
You kill the ufetubus!
Reach: h) +1 spear (vamp)
Press: ? - help, Dir - move target, f - orc
Aim: an orc, wielding a +0 dagger (about 37% to evade your +1 vampiric spear)
You reach to attack!
You hit the orc.
You feel better.
The orc is severely wounded.
You barely miss the orc.
The orc is severely wounded.
The orc hits you but does no damage.
The orc priest shouts!
You hit the orc.
You feel better.
The orc is almost dead.
You hear a shout!
The orc priest calls upon Beogh to heal the orc.
The orc's wounds heal themselves!
The orc hits you but does no damage.
You closely miss the orc. The orc hits you but does no damage.
You barely miss the orc. The orc hits you but does no damage.
You completely miss the orc. The orc hits you but does no damage.
You closely miss the orc.
The orc priest invokes the aid of Beogh against you.
Beogh smites you!
Ouch! That really hurt!
* * * LOW HITPOINT WARNING * * *
You completely miss the orc. The orc barely misses you.
The orc hits you with a +0 dagger.
You die...
Xom giggles madly!

. .... . #.#..##
####.. .. >...
..#####.#...##..... #
<..............#....#
.........###...#
#.##......#...#
#..o..##### #....
#.....# ..#
#...#o#### ##
#.#.#@...#
#.#.......... .
########... .. .#


You could see an orc priest and an orc.

Vanquished Creatures
  2 adders (D:2)
  An ufetubus (D:6)
  A worm (D:3)
  2 dart slugs
  An orc (D:3)
  2 endoplasms (D:2)
  6 giant cockroaches
  3 goblins
  7 hobgoblins
  5 jackals (D:2)
  A quokka (D:1)
  4 ball pythons
  6 bats
  A frilled lizard (D:1)
  2 goblin skeletons (D:3)
  A goblin zombie (D:3)
  2 hobgoblin zombies (D:3)
  3 kobolds
  A kobold skeleton (D:3)
  2 orc zombies (D:3)
  3 rats (D:2)
56 creatures vanquished.

Vanquished Creatures (collateral kills)
  A white imp (D:3)
  A frilled lizard (D:3)
  2 kobold skeletons (D:3)
  2 kobold zombies (D:3)
6 creatures vanquished.

Vanquished Creatures (others)
  2 plants (D:3)
2 creatures vanquished.

Grand Total: 64 creatures vanquished

Notes
Turn   | Place    | Note
-------+----------+-------------------------------------------
     0 | D:1      | Astera the Gargoyle Gladiator began the quest for the Orb.
     0 | D:1      | Reached XP level 1. HP: 12/12 MP: 1/1
   158 | D:1      | Reached XP level 2. HP: 6/17 MP: 2/2
   383 | D:1      | Found a faded altar of an unknown god.
   391 | D:1      | Became a worshipper of The Xom-Meister
  1311 | D:2      | Reached XP level 3. HP: 21/21 MP: 3/3
  1446 | D:2      | XOM: silly message
  1470 | D:2      | Reached skill level 1 in Armour
  1523 | D:2      | XOM: 9-stop teleportation journey
  1849 | D:2      | Reached XP level 4. HP: 27/27 MP: 4/4
  2111 | D:3      | Found a bloodstained altar of Trog.
  2230 | D:3      | Found a hazy altar of Hepliaklqana.
  2275 | D:3      | Reached skill level 4 in Staves
  2347 | D:3      | Found a glowing golden altar of the Shining One.
  2355 | D:3      | XOM: enchant monster (bad)
  2356 | D:3      | XOM: summons 2 friendly demons
  2400 | D:3      | You fall into a shaft and drop 3 floors!
  2407 | D:6      | Noticed an ice beast
  2432 | D:6      | HP: 1/27 [orc priest/divine providence (14)]
  2434 | D:6      | Slain by an orc

Illustrated notes

Levels and vault maps discovered:
D:1:      dpeg_arrival_simpleton_a, layout_basic,
          shapermc_ecumenical_altar_acropolis
D:2:      layout_basic
D:3:      cheibrodos_old_hovel, layout_rooms, bloody_trog,
          mainiacjoe_overflow_brackets, nicolae_tso_besieged_by_evil,
          kennysheep_generic_room_16
D:6:      layout_rooms, general_overflow_altar, uniq_grinder,
          uniq_crazy_yiuf_cottage

Skill      XL: |  1  2  3  4 |
---------------+-------------+-----
Armour         | 1 |  1.7
Staves         | 4 |  4.0
Fighting       | |  2.7
Throwing       | |  1.8
Dodging        | |  2.9
Stealth        | |  0.5

Action                   |  1- 3 |  4- 6 || total
-------------------------+-------+-------++-------
Melee: Quarterstaff      |    18 |       ||    18
       Spear             |    71 |    86 ||   157
  Use: Scroll            |       |     5 ||     5
 Stab: Sleeping          |     1 |       ||     1
Armor: Leather armour    |    18 |    26 ||    44
Dodge: Dodged            |    45 |    46 ||    91

Table legend: (Time is in decaauts)
 A = Elapsed time spent in this place.
 B = Non-inter-level travel time spent in this place.
 C = Inter-level travel time spent in this place.
 D = Time resting spent in this place.
 E = Time spent auto-exploring this place.
 F = Levels seen in this place.
 G = Mean time per level.
                   A        B        C        D        E       F      G
               +--------+--------+--------+--------+--------+-----+--------+
         Total |   2437 |   2350 |     87 |      0 |   1882 |   4 |  609.2 |
       Dungeon |   2437 |   2350 |     87 |      0 |   1882 |   4 |  609.2 |
               +--------+--------+--------+--------+--------+-----+--------+

Top non-repeatable levels by time:
     D:1: 1148 daAuts
     D:2: 987 daAuts
     D:3: 268 daAuts
     D:6: 33 daAuts
